 Dungeon Crawl Stone Soup version 0.30.1-3-gfc49f6343a (webtiles) character file.

Game seed: 8260653409532422320

1 Inchmeat the Caller (level 1, 0/23 HPs)
             Began as a Gnoll Wanderer on July 30, 2023.
             Slain by a hobgoblin (4 damage)
             ... on level 1 of the Dungeon.
             The game lasted 00:00:26 (128 turns).

Inchmeat the Caller (Gnoll Wanderer)                 Turns: 128, Time: 00:00:27

Health: 0/23       AC:  2    Str: 10    XL:     1   Next: 20%
Magic:  3/4        EV: 11    Int: 12    God:
Gold:   0          SH:  0    Dex: 11    Spells: 4/5 levels left

rFire   . . .        a - +1 hand axe
rCold   . . .        (no shield)
rNeg    . . .        c - +0 robe
rPois   .            (no helmet)
rElec   .            (no cloak)
rCorr   .            (no gloves)
SInv    .            (no boots)
Will    .....        (no amulet)
Stlth   +            (no ring)
HPRegen 0.23/turn    (no ring)
MPRegen 0.09/turn

%: no passive effects
@: no status effects
A: fangs 1, strong nose, distributed training
a: no special abilities


You were on level 1 of the Dungeon.
You visited 1 branch of the dungeon, and saw 1 of its levels.

Inventory:

Hand Weapons
 a - a +1 hand axe (weapon)
Armour
 c - a +0 robe (worn)
Scrolls
 d - a scroll of identify {unknown}
Potions
 b - a potion of haste
 e - a potion of brilliance {unknown}


   Skills:
 + Level 6.4 Fighting
 + Level 0.0 Short Blades
 + Level 0.0 Long Blades
 + Level 2.3 Axes
 + Level 0.0 Maces & Flails
 + Level 0.0 Polearms
 + Level 0.0 Staves
 + Level 0.0 Ranged Weapons
 + Level 0.0 Throwing
 + Level 0.0 Armour
 + Level 0.0 Dodging
 + Level 0.0 Stealth
 + Level 0.0 Shields
 + Level 0.0 Unarmed Combat
 + Level 2.6 Spellcasting
 + Level 0.0 Conjurations
 + Level 0.0 Hexes
 + Level 7.0 Summonings
 + Level 0.0 Necromancy
 + Level 0.0 Translocations
 + Level 0.0 Transmutations
 + Level 0.0 Fire Magic
 + Level 0.0 Ice Magic
 + Level 0.0 Air Magic
 + Level 0.0 Earth Magic
 + Level 0.0 Poison Magic
 + Level 2.3 Invocations
 + Level 0.0 Evocations


You had 4 spell levels left.
You knew the following spells:

 Your Spells              Type           Power      Damage    Failure   Level
a - Summon Small Mammal   Summ           72%        N/A       1%          1

Your spell library contained the following spells:

 Spells                   Type           Power      Damage    Failure   Level
 Summon Guardian Golem    Hex/Summ       10%        N/A       19%         3
 Summon Lightning Spire   Summ/Air       10%        N/A       52%         4


Dungeon Overview and Level Annotations

Branches:
Dungeon (1/15)

Altars:


Innate Abilities, Weirdness & Mutations

You have very sharp teeth.
Your uncanny sense of smell can sniff out nearby items.
Your experience applies equally to all skills.


Message History

The hobgoblin shouts!
The quokka bites you.
You barely miss the quokka.
The quokka twitches its whiskers.
The quokka closely misses you.
You hit the quokka.
The quokka is heavily wounded.
The quokka misses you.
You miss the quokka.
The quokka is heavily wounded.
The quokka misses you. The quokka bites you.
You hit the quokka.
The quokka is severely wounded.
The quokka bites you.
You closely miss the quokka.
The quokka is severely wounded.
You hit the hobgoblin but do no damage. The quokka barely misses you.
The hobgoblin completely misses you. The quokka bites you.
You hit the quokka.
You kill the quokka!
You hit the hobgoblin but do no damage. The hobgoblin misses you.
The hobgoblin hits you.
You hit the hobgoblin but do no damage. The hobgoblin misses you.
You closely miss the hobgoblin. The hobgoblin hits you.
You are too injured to fight recklessly!
You are too injured to fight recklessly!
You hit the hobgoblin.
The hobgoblin is heavily wounded.
The hobgoblin hits you.
You hit the hobgoblin.
You bite the hobgoblin, but do no damage.
The hobgoblin is severely wounded.
The hobgoblin hits you.
* * * LOW HITPOINT WARNING * * *
There is a stone staircase leading down here.
The hobgoblin attacks as you move away! The hobgoblin barely misses you.
Casting: Summon Small Mammal (safe; 1% risk of failure)
Confirm with . or Enter, or press ? or * to list all spells.
The hobgoblin hits you.
You die...

#......#.# #.# ..
#......#.# #.# .# ...#
#......#.# #.# .# ...#
#......#.# #.##.# ....#
#......#.# #.#..# ....#
#......#.#.#.#.####....
#....... #.......#...
∆..##+#####.#.#r#.#†#####.
........@g......).
###.#.#.#.#.####.#
#.#.#^......... #
#.#.#.#.####. #.......:.
###.#.#.#.# #.#.#.#...
#.#.#.# ... #.# #.


You could see a hobgoblin (ally target) and a friendly quokka (summoned).

Vanquished Creatures
  A quokka (D:1)
1 creature vanquished.

Notes
Turn   | Place    | Note
-------+----------+-------------------------------------------
     0 | D:1      | Inchmeat the Gnoll Wanderer began the quest for the Orb.
     0 | D:1      | Inchmeat set off with the following items: a +1 hand axe, a
                  | potion of haste, a +0 robe; and the following spell
                  | memorised: Summon Small Mammal; and the following spells
                  | available to memorise: Summon Guardian Golem, Summon
                  | Lightning Spire.
     0 | D:1      | Reached XP level 1. HP: 23/23 MP: 4/4
   128 | D:1      | Slain by a hobgoblin

Illustrated notes

Levels and vault maps discovered:
D:1:      ldierk_walled_garden_2, layout_basic

Action                     || total
---------------------------++-------
  Melee: Hand axe          ||    10
         Bite              ||     1
   Cast: Summon Small Mamm ||     1
  Dodge: Dodged            ||     8
